 Dungeon Crawl Stone Soup version 0.27-a0-1200-g94dc6ad4cf (webtiles) character file.

Game seed: 8310556443504244495

72 polve the Cutter (level 4, 0/52 HPs)
             Began as a Demonspawn Abyssal Knight on May 30, 2021.
             Was a Believer of Lugonu.
             Slain by an adder (2 damage)
             ... on level 3 of the Dungeon.
             The game lasted 00:02:35 (2469 turns).

polve the Cutter (Demonspawn Abyssal Knight)        Turns: 2469, Time: 00:02:36

Health: 0/52       AC: 22    Str: 13    XL:     4   Next: 7%
Magic:  5/5        EV:  2    Int: 13    God:    Lugonu [**....]
Gold:   118        SH:  0    Dex: 13    Spells: 3/3 levels left

rFire    . . .     SeeInvis .   a - +1 short sword
rCold    . . .     Faith    +   (no shield)
rNeg     + + +     Spirit   .   (armour currently unavailable)
rPois    +         Reflect  .   (helmet currently unavailable)
rElec    .         Harm     .   (cloak currently unavailable)
rCorr    .         Rampage  .   (gloves currently unavailable)
Will     .....     NoTele   +   (boots currently unavailable)
Stlth    +.........             c - amulet of faith
HPRegen  0.17/turn              (no ring)
MPRegen  0.09/turn              (no ring)

@: brilliant, tree-form
A: stationary, stasis, torment immunity, boosted hp, ignite blood 1
a: Renounce Religion, Depart the Abyss, Bend Space


You were on level 3 of the Dungeon.
You worshipped Lugonu.
Lugonu was pleased with you.
You were a tree.
You visited 1 branch of the dungeon, and saw 3 of its levels.
You visited the Abyss 1 time.

You collected 118 gold pieces.

Inventory:

Hand Weapons
 a - a +1 short sword (weapon)
Armour
 b - a scarf of invisibility (melded)
 d - a +0 pair of gloves (melded)
 f - a +0 plate armour (melded)
Jewellery
 c - an amulet of faith (around neck)
Scrolls
 e - a scroll of amnesia {unknown}
 g - 4 scrolls of identify {unknown}
 h - a scroll of vulnerability {unknown}
 j - a scroll of fog {unknown}
 l - a scroll of silence {unknown}
 m - a scroll of enchant weapon {unknown}
Potions
 i - 2 potions of lignification


   Skills:
 - Level 3.0 Fighting
 - Level 4.0 Short Blades
 + Level 1.8 Armour
 - Level 0.8 Dodging
 - Level 2.4 Invocations


You had 3 spell levels left.
You didn't know any spells.
Your spell library was empty.

Dungeon Overview and Level Annotations

Branches:
Dungeon (3/15)

Altars:


Innate Abilities, Weirdness & Mutations

You are a tree.
Your roots penetrate the ground, keeping you stationary.
You cannot be teleported.
You are immune to unholy pain and torment.
Your maximum health is greatly increased.
Your equipment is partially melded.
Your demonic aura sometimes causes spilled blood to erupt in flames.


Message History

You barely miss the adder.
The adder is severely wounded.
You feel sick.
The adder bites you but does no damage. x2
You miss the adder.
The adder is severely wounded.
You feel sick. The adder bites you but does no damage.
A jackal comes into view.
You hit the adder but do no damage.
The adder is severely wounded.
You feel sick. The adder bites you but does no damage.
You closely miss the adder.
The adder is severely wounded.
You feel sick. The adder bites you but does no damage.
You closely miss the adder.
The adder is severely wounded.
You feel sick.
A jackal comes into view.
The adder bites you but does no damage.
You closely miss the adder.
The adder is severely wounded.
The jackal barks!
The adder bites you but does no damage. x2
You closely miss the adder.
The adder is severely wounded.
You feel sick. The adder bites you but does no damage.
You hit the adder.
The adder is almost dead.
You feel sick.
You are no longer poisoned.
The adder bites you.
* * * LOW HITPOINT WARNING * * *
It was a potion of lignification.
You turn into a tree.
Your scarf of invisibility melds into your body.
Your +0 pair of gloves melds into your body.
Your +0 plate armour melds into your body.
Your roots penetrate the ground.
The adder bites you but does no damage.
It was a potion of brilliance.
You feel clever all of a sudden. The adder bites you.
You die...

#.########.#
##..........#
#.........#.#
#..#........#####
#...........<..#
##......###
######.........# ##
........hh.....####
#.
..###.♣###.......##
#. #S##
#.#......####. ...
...............
##..
###.##.##....#..
#.# ...##...#.....#
#. .#######.##...##
.. # #.#.....# ..
#.#.##...
######........


You could see an adder and 2 jackals.

Vanquished Creatures
  2 dart slugs (D:1)
  2 orcs (D:3)
  8 ball pythons
  4 endoplasms
  5 giant cockroaches
  7 goblins
  5 hobgoblins
  3 quokkas
  9 bats
  6 frilled lizards
  4 kobolds
  6 rats
61 creatures vanquished.

Notes
Turn   | Place    | Note
-------+----------+-------------------------------------------
     0 | Abyss:1  | polve the Demonspawn Abyssal Knight began the quest for the
                  | Orb.
     0 | Abyss:1  | Reached XP level 1. HP: 18/18 MP: 2/2
     0 | Abyss:1  | Found a corrupted altar of Lugonu.
    52 | Abyss:1  | Noticed a flying skull
    54 | Abyss:1  | Noticed a deep elf elementalist
   113 | Abyss:2  | Noticed a small abomination
   126 | D:1      | Escaped the Abyss
   369 | D:1      | Reached skill level 2 in Short Blades
   773 | D:1      | Gained mutation: Your demonic aura sometimes causes spilled
                  | blood to erupt in flames. [demonic ancestry]
   773 | D:1      | Reached XP level 2. HP: 24/24 MP: 3/3
   810 | D:1      | Reached * piety under Lugonu
  1019 | D:1      | Reached skill level 3 in Short Blades
  1221 | D:1      | Reached XP level 3. HP: 25/29 MP: 4/4
  1731 | D:2      | Reached ** piety under Lugonu
  2169 | D:2      | Found a faded altar of an unknown god.
  2309 | D:3      | Reached XP level 4. HP: 35/35 MP: 5/5
  2399 | D:3      | Reached skill level 4 in Short Blades
  2467 | D:3      | HP: 1/35 [adder (4)]
  2469 | D:3      | Slain by an adder

Illustrated notes

Levels and vault maps discovered:
D:1:      tarquinn_simple_flora_water_d, layout_basic
D:2:      layout_loops_ring, basic_ecumenical_altar
D:3:      layout_rooms, gammafunk_temple_overflow_pools, st_stairs_2,
          uniq_sigmund

Skill      XL: |  1  2  3  4 |
---------------+-------------+-----
Short Blades   | 2 3 4 |  4.0
Fighting       | |  3.0
Armour         | |  1.8
Dodging        | |  0.8
Invocations    | |  2.4

Action                   |  1- 3 |  4- 6 || total
-------------------------+-------+-------++-------
Melee: Short sword       |   179 |    29 ||   208
Invok: Depart the Abyss  |     1 |       ||     1
  Use: Potion            |       |     2 ||     2
Armor: Leather armour    |    44 |       ||    44
       Plate armour      |    65 |    23 ||    88
       Skin              |       |     1 ||     1
Dodge: Dodged            |    79 |     3 ||    82

Table legend: (Time is in decaauts)
 A = Elapsed time spent in this place.
 B = Non-inter-level travel time spent in this place.
 C = Inter-level travel time spent in this place.
 D = Time resting spent in this place.
 E = Time spent auto-exploring this place.
 F = Levels seen in this place.
 G = Mean time per level.
                   A        B        C        D        E       F      G
               +--------+--------+--------+--------+--------+-----+--------+
         Total |   2452 |   2401 |     51 |      0 |   1929 |   5 |  490.4 |
       Dungeon |   2326 |   2275 |     51 |      0 |   1845 |   3 |  775.3 |
         Abyss |    125 |    125 |      0 |      0 |     84 |   2 |   62.5 |
               +--------+--------+--------+--------+--------+-----+--------+

Top non-repeatable levels by time:
     D:1: 1394 daAuts
     D:2: 744 daAuts
     D:3: 187 daAuts
 Abyss:2: 70 daAuts
 Abyss:1: 55 daAuts
